[Event "*** Titled Tuesday Blitz"]
[Site "Chess.com"]
[Date "2018.04.03"]
[Round "6"]
[White "AkshatChandra"]
[Black "amintabatabaei"]
[Result "1-0"]
[WhiteElo "2808"]
[BlackElo "2653"]
[TimeControl "180+2"]
[EndTime "14:17:41 PDT"]
[Termination "AkshatChandra won by resignation"]

1. e4 e5 2. Nf3 Nc6 3. Bb5 Nf6 4. d3 Bc5 5. Bxc6 dxc6 6. Nbd2 Qe7 7. Nc4 Nd7 8. Qe2 a5 9. Bg5 f6 10. Bd2 a4 11.
O-O-O Nf8 12. Kb1 Be6 13. Ne3 Qf7 14. a3 Ng6 15. Nf5 b5 16. Be3 Bxe3 17. Qxe3 O-O 18. h4 Bxf5 19. exf5 Nf4 20. Qe4 Rfb8 21. c3 Nd5 22.
Rc1 c5 23. c4 bxc4 24. dxc4 Ne7 25. Rhd1 Rd8 26. g4 Rab8 27. h5 Qe8 28. h6 Qc6 29.
Qe3 g6 30. Nxe5 Qe8 31. Nd7 1-0

[Event "*** Titled Tuesday Blitz"]
[Site "Chess.com"]
[Date "2018.04.03"]
[Round "6"]
[White "Kimster98"]
[Black "Noukii"]
[Result "1-0"]
[WhiteElo "2606"]
[BlackElo "2603"]
[TimeControl "180+2"]
[EndTime "14:17:41 PDT"]
[Termination "Kimster98 won by resignation"]

1. Nf3 d5 2. d4 Nf6 3. c4 c6 4. Nc3 e6 5. g3 dxc4 6. Bg2 b5 7. Ne5 Nd5 8. e4 Nxc3 9. bxc3 Bb7 10. Qh5 g6 11. Nxg6 hxg6 12. Qxh8 Nd7 13. O-O Qa5 14. Bd2 Qa3 15. Qh4 Be7 16. Qf4 Bd6 17. Qe3 O-O-O 18.
Bc1 Qa4 19. Qe2 e5 20. Qd1 Qa5 21. Qc2 exd4 22. cxd4 c5 23. Be3 cxd4 24. Bxd4 Ne5 25. Rfd1 Nc6 26. Bf6 Be7 27. Rxd8+ Qxd8 28. Bxe7 Qxe7 29.
a4 a6 30. axb5 axb5 31. Rb1 Qc5 32. Rd1 b4 33. Rd5 Qa7 34. Qxc4 Qa1+ 35. Qf1 Kb8 36. Qxa1 1-0

[Event "*** Titled Tuesday Blitz"]
[Site "Chess.com"]
[Date "2018.04.03"]
[Round "6"]
[White "Manukyan_Artak"]
[Black "pultineviciuspaulius"]
[Result "0-1"]
[WhiteElo "2390"]
[BlackElo "2597"]
[TimeControl "180+2"]
[EndTime "14:17:41 PDT"]
[Termination "pultineviciuspaulius won by resignation"]

1. e4 Nf6 2. Nc3 e5 3. Bc4 Nc6 4. d3 Be7 5. Nf3 O-O 6. a3 d6 7. h3 Be6 8. Nd2 Nd4 9. O-O c6 10. Ne2 Nxe2+ 11. Qxe2 d5 12. exd5 cxd5 13. Bb3 Bd6 14.
c4 d4 15. Bc2 Bf5 16. b4 Re8 17.
f3 a5 18. b5 Nd7 19. Ne4 Bxe4 20. fxe4 Nc5 21. a4 Ne6 22. Qh5 g6 23. Qf3 Qe7 24. Bh6 b6 25. Rf2 Ra7 26. Raf1 Qh4 27. Bc1 Bf8 28. Kh2 Qe7 29. g3 Bg7 30. h4 Qf8 31. Qg4 Bh6 32. Bb2 Be3 33. Rf3 h5 34. Qh3 Qb4 35. Rxe3 Qd2+ 36. Qg2 dxe3 37. Qxd2 exd2 38.
Bxe5 Rd7 39. Bc3 Nc5 40. Bxd2 Nxd3 41. Be3 Ne5 42. Bb3 Ng4+ 0-1

[Event "*** Titled Tuesday Blitz"]
[Site "Chess.com"]
[Date "2018.04.03"]
[Round "6"]
[White "Hikaru"]
[Black "GMAkobianSTL"]
[Result "1-0"]
[WhiteElo "2980"]
[BlackElo "2654"]
[TimeControl "180+2"]
[EndTime "14:17:49 PDT"]
[Termination "Hikaru won by resignation"]

1. b3 d5 2. Bb2 Nf6 3. Nf3 c6 4.
g3 Bg4 5. Bg2 e6 6. h3 Bh5 7. d3 Nbd7 8. g4 Bg6 9. Nh4 Bb4+ 10. Nd2 O-O 11. a3 Bd6 12. e3 Be5 13. d4 Bd6 14. Nxg6 hxg6 15. g5 Nh5 16. Nf3 Re8 17. h4 e5 18. dxe5 Nxe5 19. O-O Qe7 20. Qd4 Rad8 21.
Nxe5 Bxe5 22. Qxe5 Qxe5 23. Bxe5 Rxe5 24. Rad1 Rde8 25.
c4 dxc4 26. bxc4 f6 27. Rd7 fxg5 28. Rxb7 gxh4 29. Bxc6 Rf8 30. Rb5 Re7 31. Bd5+ Kh7 32. Bg2 Nf6 33. c5 Rc8 34. c6 g5 35. Rxg5 Kh6 36. Rf5 Re6 37. Ra5 Rc7 38. Rb1 g5 39. Rb7 Rcxc6 40. Bxc6 Rxc6 41. Rbxa7 Rc1+ 42. Kg2 g4 43.
R7a6 h3+ 44. Kh2 Kg6 45. e4 Kg7 46. Rg5+ 1-0

[Event "*** Titled Tuesday Blitz"]
[Site "Chess.com"]
[Date "2018.04.03"]
[Round "6"]
[White "Triumphmate"]
[Black "oskariot"]
[Result "0-1"]
[WhiteElo "2155"]
[BlackElo "2405"]
[TimeControl "180+2"]
[EndTime "14:17:53 PDT"]
[Termination "oskariot won on time"]

1. e4 e5 2. Nf3 Nc6 3. Nc3 Nf6 4. Bb5 Nd4 5. Ba4 Bc5 6. d3 O-O 7. Be3 d5 8. exd5 Bg4 9. Bxd4 exd4 10. Ne4 Bb4+ 11. c3 dxc3 12. bxc3 Nxe4 13. cxb4 Nc3 14. Qc2 Nxa4 15. Qxa4 Bxf3 16. gxf3 Qxd5 17. O-O-O Qxf3 18. Rhg1 Qxf2 19. Qb3 Qxh2 20. Rh1 Qf4+ 21. Kb1 Rad8 22. Rdg1 Rfe8 23. Rf1 Qg5 24. Qxf7+ Kh8 25. Rh5 Qd2 0-1

[Event "*** Titled Tuesday Blitz"]
[Site "Chess.com"]
[Date "2018.04.03"]
[Round "6"]
[White "abubakrtagelsir"]
[Black "TastyFrenchFries"]
[Result "0-1"]
[WhiteElo "2260"]
[BlackElo "2324"]
[TimeControl "180+2"]
[EndTime "14:18:08 PDT"]
[Termination "TastyFrenchFries won by resignation"]

1. e4 e6 2. d4 d5 3. Nc3 Bb4 4. e5 c5 5. a3 Bxc3+ 6. bxc3 Ne7 7. Qg4 Qc7 8. Qxg7 Rg8 9. Qxh7 cxd4 10. Ne2 dxc3 11.
f4 Nbc6 12. Qd3 Bd7 13. h4 d4 14. h5 O-O-O 15. h6 Qb6 16. h7 Rh8 17. g4 Nd5 18.
Bg2 Be8 19. Be4 Kb8 20. g5 Nc7 21. Rh6 Na6 22. Ng3 Nc5 23. Qc4 Nxe4 24. Nxe4 d3 25. Qc5 d2+ 26. Ke2 d1=Q+ 27. Ke3 Qxc5+ 28. Nxc5 Qd4+ 29. Kf3 Qxc5 30. Be3 Qd5+ 31. Kf2 Nd4 32. Rd1 Qf3+ 0-1

[Event "*** Titled Tuesday Blitz"]
[Site "Chess.com"]
[Date "2018.04.03"]
[Round "6"]
[White "KNVB"]
[Black "gkchesstiger"]
[Result "0-1"]
[WhiteElo "2592"]
[BlackElo "2766"]
[TimeControl "180+2"]
[EndTime "14:18:10 PDT"]
[Termination "gkchesstiger won by checkmate"]

1. d4 d5 2. c4 c6 3. Nf3 Nf6 4. e3 Bg4 5. h3 Bxf3 6. Qxf3 e6 7.
Bd3 Nbd7 8. Nc3 Be7 9. cxd5 cxd5 10. O-O O-O 11. Bd2 Nb6 12. Rfc1 Rc8 13. Be1 Qd7 14. Qd1 Nc4 15. Rab1 a6 16. Ne2 Rc6 17. b3 Nd6 18. Rxc6 Qxc6 19. Rc1 Qd7 20. f3 Rc8 21. Bd2 g6 22. g4 Rc6 23. Rxc6 Qxc6 24. Qc2 Qd7 25.
Kg2 Nb5 26. a4 Na7 27. b4 Ne8 28. e4 dxe4 29. fxe4 Nc6 30. Qc3 Bxb4 31. Qb2 Bxd2 32. Qxd2 Nc7 33. Qc3 b5 34. axb5 Nxb5 35. Bxb5 axb5 36.
Qc5 Qb7 37. Kg3 b4 38. d5 exd5 39. exd5 Ne5 40. d6 Qf3+ 41. Kh4 Qxe2 42. Qc8+ Kg7 43. d7 Qe1+ 44. Kg5 Qe3+ 45. Kh4 Qf2+ 46. Kg5 h6# 0-1

[Event "*** Titled Tuesday Blitz"]
[Site "Chess.com"]
[Date "2018.04.03"]
[Round "6"]
[White "simplerXiao"]
[Black "Mistheoretical"]
[Result "0-1"]
[WhiteElo "2406"]
[BlackElo "2312"]
[TimeControl "180+2"]
[EndTime "14:18:10 PDT"]
[Termination "Mistheoretical won by resignation"]

1. e4 e6 2. d4 d5 3. Nd2 Nf6 4. e5 Nfd7 5. Bd3 c5 6. c3 Nc6 7.
Ngf3 Be7 8. O-O a5 9. Re1 cxd4 10. cxd4 g5 11. Nf1 g4 12. N3d2 h5 13. Ne3 Nxd4 14. Qa4 Nc6 15. Nxd5 Nc5 16. Qb5 Qxd5 17. Bc4 Qd8 18.
Nf1 Bd7 19. Bb3 Nd4 20. Qc4 Bb5 21. Qc3 Ncxb3 22. axb3 Bb4 23. Qe3 Nc2 24. Qe4 Nxa1 25. Re3 Bc6 26. Qf4 Nc2 27. Re2 Nd4 28. Re3 Nf5 29.
Re2 Qd1 30. Qc4 Qd5 31. Ne3 Nxe3 0-1

[Event "*** Titled Tuesday Blitz"]
[Site "Chess.com"]
[Date "2018.04.03"]
[Round "6"]
[White "GMMatamoros"]
[Black "Federer999"]
[Result "0-1"]
[WhiteElo "2471"]
[BlackElo "2711"]
[TimeControl "180+2"]
[EndTime "14:18:16 PDT"]
[Termination "Federer999 won by resignation"]

1. Nf3 Nf6 2. c4 e6 3. g3 d5 4. Bg2 d4 5. O-O c5 6. b4 cxb4 7.
a3 Nc6 8. axb4 Bxb4 9. Qa4 O-O 10. Ba3 Bxa3 11. Qxa3 e5 12. d3 a5 13. Nbd2 h6 14. Rfb1 Qc7 15. Qc5 Nd7 16. Qa3 b6 17.
Ne4 Rd8 18. Nfd2 Bb7 19. Nd6 Nc5 20. Nxb7 Nxb7 21. Qa4 Nb4 22. Rxb4 axb4 23. Qxa8 Rxa8 24. Rxa8+ Nd8 25. Bh3 g6 26. Rc8 Qe7 27. Rb8 Qd6 28. Rc8 Kg7 29. Bg2 Ne6 30. Rc6 Qb8 31. Bd5 Nd8 0-1

[Event "*** Titled Tuesday Blitz"]
[Site "Chess.com"]
[Date "2018.04.03"]
[Round "6"]
[White "Fins0905"]
[Black "SantoBlue"]
[Result "1-0"]
[WhiteElo "2598"]
[BlackElo "2608"]
[TimeControl "180+2"]
[EndTime "14:18:23 PDT"]
[Termination "Fins0905 won by resignation"]

1. d4 Nf6 2. Nf3 e6 3. c4 b6 4. g3 Bb7 5. Bg2 Be7 6. O-O O-O 7.
Nc3 Ne4 8. Bd2 Nxd2 9. Qxd2 d6 10. e4 Nd7 11. Rad1 Bf6 12. h4 h5 13. Rfe1 g6 14.
e5 dxe5 15. Nxe5 Bxg2 16. Kxg2 Nxe5 17. dxe5 Qxd2 18. Rxd2 Rfd8 19. Rxd8+ Bxd8 20. Rd1 Kf8 21. Ne4 Ke8 22. Kf3 a5 23. a4 Be7 24. Nf6+ Bxf6 25.
exf6 Rc8 26. Kf4 Rb8 27. f3 c6 28. g4 b5 29. axb5 cxb5 30. cxb5 Rxb5 31. Rd2 Rc5 32.
b3 Rb5 33. Rc2 e5+ 34. Ke4 Rxb3 35. Kxe5 Rxf3 36. g5 Rf5+ 37. Kd6 Kd8 38. Rb2 Kc8 39. Re2 a4 40. Re7 a3 41. Ra7 Rf3 42. Ke7 Rc3 43. Ra4 Rc7+ 44. Kf8 Kb7 45. Rxa3 Rd7 46. Re3 Kc6 47. Re7 Rd4 48. Kxf7 Rxh4 49. Kxg6 Kd6 50. Re8 1-0

[Event "*** Titled Tuesday Blitz"]
[Site "Chess.com"]
[Date "2018.04.03"]
[Round "6"]
[White "igorkovalenko"]
[Black "eldur16"]
[Result "1-0"]
[WhiteElo "2694"]
[BlackElo "2543"]
[TimeControl "180+2"]
[EndTime "14:18:26 PDT"]
[Termination "igorkovalenko won by resignation"]

1. d4 Nf6 2. Nc3 g6 3. e4 d6 4. f4 Bg7 5. Nf3 O-O 6. Bd3 Nc6 7. O-O e5 8. dxe5 dxe5 9. f5 Nd4 10. Bg5 c6 11. Kh1 Qd6 12. Nh4 b5 13. Ne2 Bb7 14. Ng3 h6 15. Be3 g5 16. Nf3 Rfd8 17. Bxd4 exd4 18.
e5 Qc7 19. exf6 Bxf6 20. Nh5 Qd6 21. Qd2 c5 22. Bxb5 Rab8 23. Bc4 Bxf3 24. Rxf3 Rxb2 25. Re1 Rdb8 26. Rb3 R8xb3 27. axb3 Be5 28. Qe2 Kf8 29. g3 f6 30. Bd3 Qc6+ 31. Be4 Qb6 32. Qc4 Qb4 33.
Qxb4 cxb4 34. Bd3 Ra2 35. Kg2 a5 36. Kf3 a4 37. bxa4 Rxa4 38. Rb1 Ke7 39. Ng7 Kd6 40. Ne6 Kd5 41. h4 Kd6 42. hxg5 hxg5 43. g4 Kd5 44. Rb3 Kd6 45. Ke4 Ra1 46. Rxb4 Re1+ 47. Kf3 Re3+ 48.
Kf2 Kd5 49. Rb5+ Kd6 50. Nc5 Bg3+ 51. Kg2 Be5 52. Ne4+ Kc6 53. Rxe5 fxe5 54. Nxg5 Kd7 55. Ne4 Re1 56. g5 1-0

[Event "*** Titled Tuesday Blitz"]
[Site "Chess.com"]
[Date "2018.04.03"]
[Round "6"]
[White "PulpanJ"]
[Black "jncool68"]
[Result "1-0"]
[WhiteElo "2441"]
[BlackElo "2521"]
[TimeControl "180+2"]
[EndTime "14:18:30 PDT"]
[Termination "PulpanJ won by checkmate"]

1. e4 c5 2. Nf3 d6 3. d4 cxd4 4. Nxd4 Nf6 5. Nc3 a6 6. Be2 e5 7.
Nb3 Be7 8. O-O O-O 9. Qd3 Be6 10. Bd2 Nbd7 11. Nd5 Rc8 12. c4 b6 13. Rac1 a5 14. a4 Re8 15. Rfd1 Bf8 16. f3 h6 17. Be3 Bxd5 18. cxd5 Nc5 19. Bxc5 dxc5 20. Nd2 Nd7 21. Nc4 Be7 22. Rc3 Bg5 23. Nd6 Nf8 24. Nxc8 Qxc8 25. Qa6 Qc7 26. d6 Qb8 27. Bc4 Rd8 28. Rcd3 Nd7 29. g3 g6 30. h4 Bf6 31. Rb3 Kg7 32. Qb5 h5 33. Qc6 g5 34. hxg5 Bxg5 35. Qc7 Qa8 36. Kg2 h4 37. gxh4 Bf4 38. Rg1 Kf6 39.
Kf1 Qb8 40. Bb5 Nf8 41. Qe7# 1-0

[Event "*** Titled Tuesday Blitz"]
[Site "Chess.com"]
[Date "2018.04.03"]
[Round "6"]
[White "TigranLPetrosyan"]
[Black "JozefKneht"]
[Result "1-0"]
[WhiteElo "2657"]
[BlackElo "2430"]
[TimeControl "180+2"]
[EndTime "14:18:32 PDT"]
[Termination "TigranLPetrosyan won by checkmate"]

1. Nf3 d5 2. g3 c6 3. Bg2 Bf5 4.
c4 e6 5. cxd5 cxd5 6. Qb3 Qb6 7.
Qxb6 axb6 8. Nc3 Nc6 9. O-O Nf6 10. d3 Bc5 11. a3 Ke7 12. Bf4 Nd4 13. Nxd4 Bxd4 14. Rfc1 Rhc8 15. h3 h6 16. Bd2 Bg6 17. Bf1 Nd7 18. e3 Bf6 19. d4 Kd8 20. Nb5 Be7 21.
f3 Bc2 22. Kf2 Ba4 23. Nc3 Bb3 24. Bd3 Nf6 25. Ke2 Bc4 26. Nb5 Bxd3+ 27. Kxd3 Kd7 28. e4 Rc6 29. e5 Ne8 30. f4 h5 31. g4 hxg4 32.
hxg4 Rac8 33. Bc3 Ra8 34. Rh1 Bf8 35. Rh8 Be7 36. Rah1 Rcc8 37. R1h7 Kc6 38. a4 Rxa4 39. Nd6 Bxd6 40. exd6 Kxd6 41. Rf8 Ke7 42. Rhh8 Raa8 43. Bb4+ Kf6 44. Ke3 b5 45. Kf3 b6 46. Kg3 Kg6 47.
Kh4 Rab8 48. Rh5 Nf6 49. f5+ exf5 50. gxf5# 1-0

[Event "*** Titled Tuesday Blitz"]
[Site "Chess.com"]
[Date "2018.04.03"]
[Round "6"]
[White "andante"]
[Black "KRASAVCHIK2002"]
[Result "0-1"]
[WhiteElo "2183"]
[BlackElo "1969"]
[TimeControl "180+2"]
[EndTime "14:18:34 PDT"]
[Termination "KRASAVCHIK2002 won by resignation"]

1. d4 Nf6 2. Nf3 c5 3. d5 e6 4.
c4 b5 5. Nc3 Bb7 6. dxe6 fxe6 7. Nxb5 d5 8. e3 Be7 9. Be2 O-O 10. O-O Ne4 11. Bd2 Bf6 12. Qc2 Nd7 13. Rad1 Qe7 14. Ba5 Nb6 15. b3 g6 16. Nd2 Ng5 17. f4 Nf7 18.
Bf3 d4 19. Rfe1 dxe3 20. Rxe3 a6 21. Bxb7 Qxb7 22. Rxe6 axb5 23. Bxb6 Bd4+ 24. Kh1 Ra6 25. Nf3 Rxb6 26. Rxb6 Qxb6 27. Nxd4 cxd4 28. c5 Qe6 29. Qd2 Qd5 30. b4 Rd8 31. Re1 d3 32. Re3 Qc4 33. h3 Qc2 34. Qe1 d2 35. Re8+ Rxe8 36. Qxe8+ Kg7 0-1

[Event "*** Titled Tuesday Blitz"]
[Site "Chess.com"]
[Date "2018.04.03"]
[Round "6"]
[White "XDPS"]
[Black "Mykola-Bortnyk"]
[Result "1-0"]
[WhiteElo "2589"]
[BlackElo "2686"]
[TimeControl "180+2"]
[EndTime "14:18:38 PDT"]
[Termination "XDPS won by resignation"]

1. d4 a6 2. e4 b6 3. Nf3 Bb7 4.
Nc3 h6 5. Be2 g6 6. O-O Bg7 7. Re1 e6 8. Bf1 d6 9. a4 Ne7 10. Be3 O-O 11. Qd2 Kh7 12. Rad1 Nd7 13. h4 f5 14. Bd3 Nf6 15. e5 Nh5 16. Qe2 Ng8 17. d5 dxe5 18. dxe6 Bxf3 19. Qxf3 e4 20.
Nxe4 fxe4 21. Qxe4 Qf6 22. Bd4 Qf5 23. Qxf5 gxf5 24.
e7 Bxd4 25. exf8=Q Bxf2+ 26. Kxf2 Rxf8 27. g4 Ng7 28.
Re5 Nf6 29. Rg1 h5 30. gxf5 Ng4+ 31. Rxg4 hxg4 32. Kg3 Nh5+ 33. Kxg4 Nf6+ 34. Kg5 Kh8 35. Re7 Nd5 36. Re6 Rg8+ 37. Rg6 Re8 38. f6 Re5+ 39. Kg4 Re8 40. f7 Rf8 41. Rg8+ Rxg8+ 42. fxg8=Q+ Kxg8 43. Bc4 c6 44. Kf5 1-0

[Event "*** Titled Tuesday Blitz"]
[Site "Chess.com"]
[Date "2018.04.03"]
[Round "6"]
[White "DrZeiss"]
[Black "Orest_Vovk"]
[Result "0-1"]
[WhiteElo "2223"]
[BlackElo "2370"]
[TimeControl "180+2"]
[EndTime "14:18:38 PDT"]
[Termination "Orest_Vovk won on time"]

1. e4 Nf6 2. e5 Nd5 3. d4 d6 4.
Bc4 Nb6 5. Bb3 dxe5 6. Qh5 e6 7.
dxe5 Nc6 8. c3 Qd3 9. Nf3 g6 10. Qg4 h5 11. Qg3 h4 12. Qg4 h3 13. gxh3 Rh5 14.
Bf4 Qe4+ 15. Kd1 Rf5 16. Bg3 Qxf3+ 17. Qxf3 Rxf3 18. Nd2 Rd3 19. Ke2 Rd8 20. Ne4 Be7 21.
f4 Na5 22. Bc2 Bd7 23. b3 Bb5+ 24. c4 Bc6 25. h4 Bxe4 26. Bxe4 Nc6 27. Rad1 Rxd1 28.
Rxd1 Rd8 29. Rc1 Nd7 30. Bf2 Nc5 31. Bb1 Nd4+ 32. Ke3 Nf5+ 33. Ke2 Nxh4 34. b4 Na4 35. a3 Nb6 36. Be4 c6 37. b5 Rc8 38. bxc6 bxc6 39.
Rb1 c5 0-1

[Event "*** Titled Tuesday Blitz"]
[Site "Chess.com"]
[Date "2018.04.03"]
[Round "6"]
[White "LastHeroJr"]
[Black "ruvat"]
[Result "1-0"]
[WhiteElo "2434"]
[BlackElo "2276"]
[TimeControl "180+2"]
[EndTime "14:18:46 PDT"]
[Termination "LastHeroJr won on time"]

1. e4 d6 2. d4 Nf6 3. Nc3 g6 4. Be3 Bg7 5. Qd2 c6 6. Bh6 Bxh6 7. Qxh6 Qa5 8. Bd3 c5 9. dxc5 Qxc5 10. Qd2 O-O 11. O-O-O Nc6 12. Kb1 Be6 13. f3 Rfc8 14.
Nge2 Ne5 15. Nf4 Nxd3 16. cxd3 b5 17. d4 Qb6 18. e5 dxe5 19. dxe5 Ne8 20. h4 Bf5+ 21.
Ka1 Rd8 22. Ncd5 Qb7 23. Qb4 Rd7 24. Ne3 Ng7 25. Rxd7 Bxd7 26. Qxe7 Re8 27. Qd6 Qc6 28. Qd4 Nf5 29. Nxf5 Bxf5 30. Nd5 Re6 31. Nf6+ Kg7 32. Re1 b4 33. g4 Bc2 34. Qd8 1-0

[Event "*** Titled Tuesday Blitz"]
[Site "Chess.com"]
[Date "2018.04.03"]
[Round "6"]
[White "codapbg94"]
[Black "Caisachess"]
[Result "1-0"]
[WhiteElo "2067"]
[BlackElo "2191"]
[TimeControl "180+2"]
[EndTime "14:18:50 PDT"]
[Termination "codapbg94 won by resignation"]

1. e4 e5 2. Bc4 Nf6 3. d3 c6 4. Nf3 Be7 5. O-O d6 6. Bb3 O-O 7. c3 Re8 8. Nbd2 h6 9. Re1 Bf8 10. Nf1 Nbd7 11. Ng3 Nc5 12. Bc2 a5 13. d4 exd4 14. cxd4 Ne6 15. h3 g6 16. Be3 Bg7 17. Qd2 Kh7 18. Rad1 d5 19. e5 Ng8 20. h4 Ne7 21. h5 Bd7 22. Nh4 Rf8 23. Nf3 Nc7 24.
Nh2 Qc8 25. Nf3 Nf5 26. Nxf5 Bxf5 27. Nh4 Bxc2 28. Qxc2 Qg4 29. g3 Qxh5 30. Kg2 Ne6 31. Rh1 Kg8 32. Nf3 Qg4 33. Rh4 Qf5 34. Qxf5 gxf5 35.
Bxh6 Bxh6 36. Rxh6 Kg7 37. Rf6 a4 38. Rxf5 a3 39. b3 Rad8 40. Ng5 Nxg5 41. Rxg5+ Kh6 42.
Rg4 Kh5 43. f3 1-0

[Event "*** Titled Tuesday Blitz"]
[Site "Chess.com"]
[Date "2018.04.03"]
[Round "6"]
[White "Divertissement"]
[Black "lucasran"]
[Result "1-0"]
[WhiteElo "2453"]
[BlackElo "2396"]
[TimeControl "180+2"]
[EndTime "14:18:52 PDT"]
[Termination "Divertissement won on time"]

1. d4 Nf6 2. Nf3 e6 3. c4 b6 4. g3 Bb7 5. Bg2 Be7 6. O-O O-O 7. Ne1 Bxg2 8. Nxg2 d5 9. cxd5 exd5 10. Nc3 Nbd7 11. Qa4 c5 12. Rd1 c4 13. Bg5 h6 14. Bxf6 Nxf6 15. b3 Rc8 16. Rac1 cxb3 17. Qxb3 Qd7 18. Ne3 Rcd8 19. Nb5 Rc8 20. Rxc8 Rxc8 21. Nc3 Rd8 22. Rc1 Qe6 23. Nb5 Rd7 24. Rc8+ Kh7 25. Qc2+ g6 26. Nc7 Qd6 27. Ne8 Nxe8 28. Rxe8 Bg5 29.
Ng4 Re7 30. Rc8 Qe6 31. Ne5 Re8 32. Rc7 Re7 33. Rc6 Qg4 34. Nxg4 1-0

[Event "*** Titled Tuesday Blitz"]
[Site "Chess.com"]
[Date "2018.04.03"]
[Round "6"]
[White "DACF2905"]
[Black "SanQui14"]
[Result "0-1"]
[WhiteElo "2049"]
[BlackElo "2222"]
[TimeControl "180+2"]
[EndTime "14:18:55 PDT"]
[Termination "SanQui14 won by checkmate"]

1. e4 c5 2. Nf3 g6 3. d4 cxd4 4. Qxd4 Nf6 5. e5 Nc6 6. Qa4 Nd5 7. Qe4 Nb6 8. Nc3 d5 9. exd6 Bf5 10. dxe7 Bxe7 11.
Qe3 O-O 12. Bd3 Bxd3 13. Qxd3 Qc8 14. O-O Nb4 15. Qe2 Re8 16. a3 Bf6 17. Qd1 Bxc3 18.
axb4 Bxb4 19. c3 Bf8 20. Be3 Bg7 21. Qb3 Qc7 22. Bxb6 axb6 23. Rfd1 Qc5 24. h3 Rxa1 25. Rxa1 Bf6 26. Re1 Rxe1+ 27. Nxe1 Bh4 28. Nd3 Qf5 29. c4 Be7 30. Ne1 Bc5 31. Nf3 Qb1+ 32. Kh2 Bxf2 33.
Qc3 Bc5 34. Qf6 Qd1 35. Ne5 Qg1+ 36. Kg3 Qe3+ 37. Kh2 Qf2 38. Nf3 Qe3 39. Ne5 Qg1+ 40. Kg3 Qe1+ 41. Kh2 Bg1+ 42. Kh1 Bf2+ 43. Kh2 Qg1# 0-1

[Event "*** Titled Tuesday Blitz"]
[Site "Chess.com"]
[Date "2018.04.03"]
[Round "6"]
[White "SmoothAsAHedgehog"]
[Black "Man-Chuk"]
[Result "0-1"]
[WhiteElo "2574"]
[BlackElo "2667"]
[TimeControl "180+2"]
[EndTime "14:19:00 PDT"]
[Termination "Man-Chuk won by resignation"]

1. Nf3 g6 2. c4 Bg7 3. g3 e5 4.
Nc3 Nc6 5. Bg2 f5 6. d3 Nf6 7. Bg5 d6 8. Rb1 O-O 9. O-O a5 10.
a3 Ne7 11. Nd5 Nfxd5 12. cxd5 h6 13. Bxe7 Qxe7 14. Rc1 Rf7 15. Nd2 e4 16. Qc2 e3 17.
fxe3 Qxe3+ 18. Kh1 Bd7 19. Rce1 Re8 20. Nc4 Qc5 21.
b4 axb4 22. axb4 Qxb4 23. Rb1 Qa4 24. Qxa4 Bxa4 25. Rxb7 Rxe2 26. Rc1 Rfe7 27. h4 Rf2 28. Rf1 Rc2 29. Bf3 Be5 30. Nxe5 Rxe5 31. Rb4 Be8 32. Rc4 Rxc4 33. dxc4 Re3 34. Kg2 Rc3 35. Re1 Bf7 36.
Rd1 Rxc4 37. Rd2 Kg7 38. Kf2 Kf6 39. Bg2 Rc3 40. Bf3 g5 41. hxg5+ hxg5 42. Bg2 Bh5 43. Bh1 Bg6 44. Bf3 f4 45. gxf4 gxf4 46. Bg2 Rc2 47. Rxc2 Bxc2 48. Kf3 Ke5 49. Kg4 Bf5+ 50. Kg5 Be4 0-1

[Event "*** Titled Tuesday Blitz"]
[Site "Chess.com"]
[Date "2018.04.03"]
[Round "6"]
[White "chesstatour"]
[Black "FontVella8"]
[Result "1-0"]
[WhiteElo "1989"]
[BlackElo "1856"]
[TimeControl "180+2"]
[EndTime "14:19:01 PDT"]
[Termination "chesstatour won by checkmate"]

1. c4 Nf6 2. Nc3 e6 3. e4 d5 4. cxd5 exd5 5. e5 d4 6. exf6 dxc3 7. bxc3 Qxf6 8. Nf3 Bd6 9. Be2 O-O 10. d4 h6 11. O-O Nc6 12. Be3 Bf5 13. Qa4 Rfe8 14. Rfe1 a6 15. c4 g5 16. c5 Bf8 17. d5 Ne5 18.
Bd4 Nxf3+ 19. Bxf3 Qg6 20. Rxe8 Rxe8 21. Qxe8 g4 22.
Be2 h5 23. Qe5 Qh7 24. d6 cxd6 25. cxd6 h4 26. Rc1 h3 27. g3 Be6 28. Qg5+ Qg6 29.
Qxg6+ fxg6 30. Bc4 Kf7 31. Bxe6+ Kxe6 32. Bc5 Kd7 33.
Re1 b5 34. a3 a5 35. Rd1 Bg7 36. Bd4 Bf8 37. Be5 b4 38. axb4 axb4 39. Rb1 Ke6 40.
Bf4 g5 41. Bxg5 Bxd6 42. Bf4 Bc5 43. Kf1 Kd5 44. Ke2 Kc4 45. Rc1+ Kd5 46. Be3 Be7 47. Kd3 Bf6 48. Rb1 Bc3 49. Bd2 Bd4 50. Be3 Bc3 51. Bd2 Bd4 52. Rxb4 Bxf2 53. Rxg4 Bg1 54. Rh4 Bxh2 55.
Rxh3 Bg1 56. Be3 Bxe3 57. Kxe3 Ke5 58. Rh5+ Kf6 59. Kf4 Kg6 60. Ra5 Kg7 61. g4 Kg8 62.
Kg5 Kh8 63. Kg6 Kg8 64. Ra8# 1-0

[Event "*** Titled Tuesday Blitz"]
[Site "Chess.com"]
[Date "2018.04.03"]
[Round "6"]
[White "Kislov_Oleg"]
[Black "nochewycandy"]
[Result "1-0"]
[WhiteElo "2250"]
[BlackElo "1995"]
[TimeControl "180+2"]
[EndTime "14:19:01 PDT"]
[Termination "Kislov_Oleg won by checkmate"]

1. d4 Nf6 2. Nc3 d5 3. Bg5 e6 4. e4 dxe4 5. Nxe4 Be7 6. Bxf6 Bxf6 7. Nf3 b6 8. Qd2 O-O 9. O-O-O Bb7 10. Bd3 Nd7 11.
h4 Re8 12. g4 Nf8 13. g5 Be7 14. h5 Qd5 15. Kb1 Rad8 16. Qf4 Bd6 17. Ne5 Bxe5 18. dxe5 Qa5 19. g6 fxg6 20. Ng5 Re7 21. hxg6 h6 22.
Nf7 Rdd7 23. Nxh6+ gxh6 24. Qxh6 Qxe5 25. Rh5 Qg7 26. Qg5 Rd5 27. Qh4 Rxh5 28. Qxh5 Rd7 29. f4 Nxg6 30. Rg1 Be4 31. Bxe4 Nxf4 32. Rxg7+ Kxg7 33. Qh7+ Kf6 34. Qxd7 Ke5 35. Bd3 Nd5 36. c3 c5 37. Kc2 Ne3+ 38. Kd2 Nd5 39. Bc4 Nf4 40. Ke3 Nd5+ 41. Bxd5 exd5 42. Qxa7 Kf5 43. Qxb6 Ke5 44. Qxc5 Ke6 45. Kd4 Kd7 46. Ke5 Ke8 47. Qc7 Kf8 48.
Kf6 Ke8 49. Qe7# 1-0

[Event "*** Titled Tuesday Blitz"]
[Site "Chess.com"]
[Date "2018.04.03"]
[Round "6"]
[White "XiaoKangZhong"]
[Black "Chess_Lynx"]
[Result "0-1"]
[WhiteElo "2011"]
[BlackElo "2014"]
[TimeControl "180+2"]
[EndTime "14:19:01 PDT"]
[Termination "Chess_Lynx won by checkmate"]

1. e4 d5 2. exd5 Qxd5 3. Nc3 Qa5 4. g3 Nf6 5. Bg2 c6 6. Nge2 Bf5 7. O-O e6 8. d3 Bd6 9. Bd2 Qc7 10. Be3 Nbd7 11. a3 h5 12. h4 Ng4 13. Qd2 Nxe3 14. Qxe3 Bc5 15. d4 Bd6 16. Ne4 Bxe4 17. Bxe4 Nf6 18. Bg2 O-O-O 19. c4 Ng4 20. Qc3 Qe7 21. c5 Bc7 22. b4 g5 23. hxg5 h4 24. b5 cxb5 25. Qb4 hxg3 26. Qxb5 gxf2+ 27. Rxf2 Bh2+ 28. Kf1 Ne3+ 29. Ke1 Nc2+ 30. Kd2 Nxa1 31. c6 b6 32. Qa6+ Kb8 33. Rf3 Qxg5+ 34. Re3 Nb3+ 35. Kc2 Na5 36. Rb3 Bc7 37. Be4 Rh2 38. Rb5 Rxe2+ 39. Kb1 Qg1# 0-1

[Event "*** Titled Tuesday Blitz"]
[Site "Chess.com"]
[Date "2018.04.03"]
[Round "6"]
[White "lukas_111111"]
[Black "Alopekos"]
[Result "0-1"]
[WhiteElo "2502"]
[BlackElo "2329"]
[TimeControl "180+2"]
[EndTime "14:19:04 PDT"]
[Termination "Alopekos won by resignation"]

1. e4 e5 2. Nf3 Nc6 3. Bb5 a6 4.
Ba4 Nf6 5. O-O b5 6. Bb3 Bc5 7. d3 d6 8. a4 Bg4 9. c3 O-O 10. Re1 Rb8 11. axb5 axb5 12. Nbd2 b4 13. h3 bxc3 14.
bxc3 Bh5 15. Ba4 Ne7 16. Nf1 Ng6 17. Ng3 h6 18. Nxh5 Nxh5 19. d4 Bb6 20. g3 Nf6 21.
Bc2 Re8 22. Kg2 Ra8 23. Rxa8 Qxa8 24. dxe5 Nxe5 25. Nd4 d5 26. f4 Nc4 27. e5 Ne4 28.
Ba4 Nxc3 29. Bxe8 Nxd1 30. Bc6 Qa2+ 31. Re2 Qb1 32. e6 fxe6 33. Rxe6 Bxd4 34. Re8+ Kf7 35. Re2 Qxc1 36. Bxd5+ Kf8 0-1

[Event "*** Titled Tuesday Blitz"]
[Site "Chess.com"]
[Date "2018.04.03"]
[Round "6"]
[White "TheLancer"]
[Black "TST2014"]
[Result "0-1"]
[WhiteElo "2427"]
[BlackElo "2337"]
[TimeControl "180+2"]
[EndTime "14:19:05 PDT"]
[Termination "TST2014 won by resignation"]

1. e4 e5 2. Nf3 Nc6 3. Bb5 a6 4. Ba4 Nf6 5. O-O Be7 6. Re1 b5 7. Bb3 O-O 8. h3 d6 9. c3 Na5 10. Bc2 c5 11. d3 Nc6 12. Nbd2 Re8 13. Nf1 Bf8 14. Ng3 d5 15. Qe2 d4 16. a4 Rb8 17.
axb5 axb5 18. Bg5 h6 19. Bc1 Be6 20. Ra6 Rb6 21. Rxb6 Qxb6 22. cxd4 cxd4 23. Nh4 g6 24. Qf3 Bg7 25. Bxh6 Bxh6 26. Qxf6 Bg7 27. Qg5 Qc5 28.
Rc1 Qb4 29. Bd1 Ne7 30. Bg4 Bxg4 31. Qxg4 Qxb2 32. Rc7 b4 33. Qd7 Kf8 34. Qd6 b3 35. Ngf5 gxf5 36. Nxf5 Qc3 37. Rxc3 dxc3 38. Qb4 c2 39. Qa3 Bh6 40. Nxh6 Rc8 41. Qc1 b2 42. Qxb2 c1=Q+ 0-1